 Dungeon Crawl Stone Soup version 0.28-a0-751-gef3a642a4e (webtiles) character file.

Game seed: 9695644313787255322

37 shoop the Covered (level 3, 0/30 HPs)
             Began as a Formicid Fighter on Oct 30, 2021.
             Slain by a goblin (5 damage)
             ... led by Robin
             ... on level 2 of the Dungeon.
             The game lasted 00:01:10 (666 turns).

shoop the Covered (Formicid Fighter)                 Turns: 666, Time: 00:01:11

Health: 0/30       AC:  7    Str: 21    XL:     3   Next: 60%
Magic:  3/3        EV:  9    Int:  7    God:
Gold:   43         SH:  4    Dex: 10    Spells: 2/2 levels left

rFire   . . .      SeeInvis +   a - +0 long sword
rCold   . . .      Faith    .   c - +0 buckler
rNeg    . . .      Spirit   .   b - +0 scale mail
rPois   .          Reflect  .   (helmet unavailable)
rElec   .          Harm     .   (no cloak)
rCorr   .          Rampage  .   (no gloves)
Will    .....                   (no boots)
Stlth   ..........              (no amulet)
HPRegen 0.10/turn               (no ring)
MPRegen 0.08/turn               (no ring)

@: no status effects
A: permanent stasis, dig shafts and tunnels, antennae 3, four strong arms
a: Dig, Shaft Self


You were on level 2 of the Dungeon.
You visited 1 branch of the dungeon, and saw 2 of its levels.

You collected 43 gold pieces.

Inventory:

Hand Weapons
 a - a +0 long sword (weapon)
Armour
 b - a +0 scale mail (worn)
 c - a +0 buckler (worn)
Potions
 d - a potion of might


   Skills:
 + Level 3.7 Fighting
 + Level 2.5 Long Blades
 + Level 3.9 Armour
 + Level 3.8 Shields


You had 2 spell levels left.
You didn't know any spells.
Your spell library contained the following spells:

 Spells                   Type           Power      Damage    Failure   Level
 Shock                    Conj/Air       0%         1d3       77%         1
 Summon Small Mammal      Summ           0%         N/A       77%         1
 Call Canine Familiar     Summ           0%         N/A       98%         3
 Summon Guardian Golem    Hex/Summ       0%         N/A       98%         3
 Airstrike                Air            0%         N/A       100%        4
 Swiftness                Air            Unusable   N/A       N/A         3

Dungeon Overview and Level Annotations

Branches:
Dungeon (2/15)

Altars:

Annotations:
D:2 Robin


Innate Abilities, Weirdness & Mutations

You cannot be hasted, slowed, berserked, paralysed or teleported.
You can dig through walls and to a lower floor.
You have a pair of large antennae on your head. (SInv)
Your four strong arms can wield two-handed weapons with a shield.


Message History

You hit the goblin.
You kill the goblin!
Robin roars a battlecry!
The hobgoblins go into a battle-frenzy!
The hobgoblin barely misses you.
You slash the hobgoblin!
You kill the hobgoblin!
A goblin comes into view. It is wielding a +0 dagger.
You barely miss the hobgoblin.
The hobgoblin hits you but does no damage.
Robin says, "My goblins will feast on your bones."
You slash the hobgoblin!
You kill the hobgoblin!
Robin throws the goblin at you!
A goblin comes into view. It is wielding a +0 dagger.
The goblin shouts!
You hit the goblin.
You kill the goblin!
You barely miss Robin.
Robin hits you with a +1 mace of protection!
Robin hits you with a +1 mace of protection.
You barely miss Robin. Robin throws the goblin at you!
The goblin hits you with a +0 dagger.
You are too injured to fight recklessly!
You are too injured to fight recklessly!
You are too injured to fight recklessly!
You are too injured to fight recklessly!
You barely miss Robin. Robin hits you but does no damage.
The goblin barely misses you.
You hit Robin but do no damage. You block Robin's attack.
The goblin hits you with a +0 dagger.
Robin hits you with a +1 mace of protection.
* * * LOW HITPOINT WARNING * * *
You barely miss Robin. The goblin completely misses you.
Robin barely misses you. The goblin barely misses you.
You hit Robin but do no damage.
Robin hits you with a +1 mace of protection.
* * * LOW HITPOINT WARNING * * *
The goblin hits you with a +0 dagger.
You die...

##### .....###
# .......# ..
##.# #.# ...
.#.# ..# ....
.#.###.#
##########.....
.....#.#
#.g@g).........
##.#.#.#
#.#####..#.....
.......# #.#
#.## ...
##.#.#.# #.#
..# . .....#.#
##.# #.##
.#(###.# #..#
.. .#.#.).#
##.## #.#
##.###.# ###..#
g.
.......###...##
#g#


You could see Robin and a goblin (strong).

Vanquished Creatures
  A dart slug (D:2)
  A bat (D:1)
  4 endoplasms
  7 goblins
  5 hobgoblins
  2 kobolds (D:2)
  4 quokkas
  A ball python (D:2)
  A frilled lizard (D:2)
  2 rats
28 creatures vanquished.

Notes
Turn   | Place    | Note
-------+----------+-------------------------------------------
     0 | D:1      | shoop the Formicid Fighter began the quest for the Orb.
     0 | D:1      | Reached XP level 1. HP: 18/18 MP: 1/1
   207 | D:1      | Reached XP level 2. HP: 19/24 MP: 2/2
   503 | D:2      | Reached XP level 3. HP: 28/29 MP: 3/3
   647 | D:2      | Noticed Robin
   666 | D:2      | Slain by a goblin

Illustrated notes

Levels and vault maps discovered:
D:1:      kennysheep_arrival_forest, layout_basic
D:2:      layout_rooms, minmay_misc_feat_roman, kennysheep_generic_room_11,
          uniq_robin, uniq_terence

Action                   || total
-------------------------++-------
Melee: Long sword        ||    73
Armor: Scale mail        ||    37
Dodge: Dodged            ||    25
Block: Buckler           ||    13

Table legend: (Time is in decaauts)
 A = Elapsed time spent in this place.
 B = Non-inter-level travel time spent in this place.
 C = Inter-level travel time spent in this place.
 D = Time resting spent in this place.
 E = Time spent auto-exploring this place.
 F = Levels seen in this place.
 G = Mean time per level.
                   A        B        C        D        E       F      G
               +--------+--------+--------+--------+--------+-----+--------+
         Total |    686 |    686 |      0 |      0 |    502 |   2 |  343.0 |
       Dungeon |    686 |    686 |      0 |      0 |    502 |   2 |  343.0 |
               +--------+--------+--------+--------+--------+-----+--------+

Top non-repeatable levels by time:
     D:1: 365 daAuts
     D:2: 321 daAuts
